[Event "TUR-ch U13-18 Open 2023"]
[Site "Antalya"]
[Date "2023.01.27"]
[Round "9"]
[White "Engin, Onur Cinar"]
[Black "Gokcek, Kursat Bugra"]
[Result "0-1"]
[ECO "B22"]
[WhiteElo "1990"]
[BlackElo "2116"]
[Annotator "TA"]
[PlyCount "98"]
[EventDate "2023.01.17"]
[EventType "swiss"]
[EventCountry "TUR"]
[SourceTitle "playchess.com"]
[Source "ChessBase"]
[SourceQuality "1"]
[TimeControl "5400+30"]

1. e4 c5 2. c3 e5 3. Nf3 Nc6 4. d4 cxd4 5. cxd4 exd4 6. Nxd4 Nf6 7. Nxc6 dxc6 8. Qxd8+ Kxd8 9. Bg5 h6 10. Bxf6+ gxf6 11. Nc3 Bb4 12. O-O-O+ Ke7 13. Kc2 {[%emt 0:00:30] B22: Sicilian: 2 c3.} Be6 {[%emt 0:00:30] [#]} 14. Bd3 $146 ({Predecessor:} 14. a3 Bc5 15. f3 Rad8 16. Be2 h5 17. Rxd8 Rxd8 18. Rd1 Rxd1 19. Nxd1 f5 20. e5 h4 {0-1 Toval,D (1780)-Emunds,H (2100) Muensterland Regionalliga 1718 2017 (1.7)}) 14... a5 15. a4 {[%emt 0:00:30] Black is slightly better.} Rad8 (15... h5 $5 ) 16. f4 Bc5 {[%emt 0:00:30][%cal Bb4c5,Bc5d6,Bd6f4][%mdl 32] Black is more active.} 17. Be2 Rdg8 18. Bf3 (18. f5 $5 Bc8 19. g4 $11) 18... h5 19. Ne2 h4 20. Nd4 Bd6 21. Nxe6 fxe6 22. Rd3 Bxf4 23. Rhd1 {[%emt 0:00:30] aiming for Rd7+.} Rd8 {[%emt 0:00:30] Inhibits Rd7+.} (23... Bxh2 $2 24. Rd7+ Ke8 25. e5 $18) 24. Rxd8 Rxd8 25. Rxd8 Kxd8 $15 {[%emt 0:00:30][%mdl 4096] Endgame KB-KB} 26. h3 Kc7 27. Kc3 Kd6 28. Kc4 Ke5 29. b3 Bc1 30. Kd3 b5 31. Bg4 Bh6 32. Bh5 bxa4 33. bxa4 f5 ({Black should play} 33... Kf4 $17) 34. exf5 $11 Kxf5 {[%emt 0:00:30] Strongly threatening ...e5.} 35. Bg4+ Ke5 36. Bf3 c5 {[%emt 0:00:30] And now ...Kf4 would win.} 37. Bb7 $2 {[%emt 0:00:30][%mdl 8192] [#] This move loses the game for White.} (37. Bg4 $11) 37... Kf4 $1 $19 38. Bc6 Bg7 39. Bb7 Bb2 40. Bc6 Ba3 41. Bb7 e5 42. Bc6 Bb2 43. Bb7 e4+ 44. Kc4 $2 (44. Ke2) 44... e3 45. Bf3 {[%emt 0:00:30] [#]} Kg3 $1 {[%emt 0:00:30] ( -> ...Kf2)} 46. Kb3 Bf6 {[%emt 0:00:30] Black mates.} 47. Kc2 Kf2 48. Kd1 c4 49. Be2 c3 {[%emt 0:00:30] Weighted Error Value: White=0.63/Black=0.08 (flawless)} (49... Kxg2 $2 {is the wrong capture.} 50. Bxc4 Kxh3 51. Ke2 $19) 0-1

[Event "TUR-ch U13-18 Open 2023"]
[Site "Antalya"]
[Date "2023.01.27"]
[Round "9"]
[White "Engin, Onur Cinar"]
[Black "Caliskan, Seha"]
[Result "*"]
[ECO "B36"]
[WhiteElo "1990"]
[BlackElo "1954"]
[Annotator "TA"]
[PlyCount "54"]
[EventDate "2023.01.17"]
[EventType "swiss"]
[EventCountry "TUR"]
[SourceTitle "playchess.com"]
[Source "ChessBase"]
[SourceQuality "1"]
[TimeControl "5400+30"]

1. e4 c5 2. Nf3 Nc6 3. d4 cxd4 4. Nxd4 g6 5. c4 Nf6 6. Nc3 d6 7. Be2 Nxd4 8. Qxd4 Bg7 9. Be3 O-O 10. Qd2 a5 {[%emt 0:02:30] B36: Sicilian: Maroczy Bind: Gurgenidze System.} 11. O-O a4 12. Rac1 {[%emt 0:03:30] 12.Bd4 gains popularity.} Qa5 13. f3 {[%emt 0:03:30] [#] Black got outplayed after the opening.   Weighted Error Value: White=0.05 (flawless) /Black=0.03 (flawless)} {Predecessor:} Be6 $146 14. Rfd1 Rfc8 15. Nb5 Qxd2 16. Rxd2 Nd7 17. Nd4 Nc5 18. Nxe6 fxe6 19. Rb1 Ra6 20. Bd1 Kf7 21. Kf1 Nd7 22. Be2 Nc5 23. Bd1 Bf6 24. g3 Bg7 25. Kg2 Rca8 26. Bxc5 dxc5 27. f4 Rd6 {½-½ Sadhwani,R (2603)-Adhiban,B (2672) Sharjah Masters 4th 2021 (7)} *

[Event "TUR-ch U13-18 Open 2023"]
[Site "Antalya"]
[Date "2023.01.27"]
[Round "9"]
[White "Hatirli, Ugur Can"]
[Black "Kavri, Yusuf Eren"]
[Result "*"]
[WhiteElo "1989"]
[BlackElo "2050"]
[Annotator "TA"]
[PlyCount "32"]
[EventDate "2023.01.17"]
[EventType "swiss"]
[EventCountry "TUR"]
[SourceTitle "playchess.com"]
[Source "ChessBase"]
[SourceQuality "1"]
[TimeControl "5400+30"]

1. Nf3 Nf6 2. c4 c5 3. g3 Nc6 4. Nc3 d5 5. cxd5 Nxd5 {[%emt 0:00:30] [#]} {Predecessor:} 6. Bg2 $146 {A34: Symmetrical English: 2 Nc3, lines with ...d5.} g6 7. d3 Bg7 8. Bd2 e6 9. h4 b6 10. h5 Bb7 11. Qa4 Qd7 12. h6 Bf6 13. Ne4 Be7 14. O-O Nd4 15. Qxd7+ Kxd7 16. Nxd4 cxd4 {0-1 Mamedyarov,S (2741)-So,W (2760) Meltwater Tour Final rapid 2022 (5.2)} *

[Event "TUR-ch U13-18 Open 2023"]
[Site "Antalya"]
[Date "2023.01.27"]
[Round "9"]
[White "Deveci, Huseyin Said"]
[Black "Gupluce, Melih"]
[Result "*"]
[ECO "D00"]
[WhiteElo "1987"]
[BlackElo "1309"]
[Annotator "TA"]
[PlyCount "28"]
[EventDate "2023.01.17"]
[EventType "swiss"]
[EventCountry "TUR"]
[SourceTitle "playchess.com"]
[Source "ChessBase"]
[SourceQuality "1"]
[TimeControl "5400+30"]

1. d4 Nf6 2. Nc3 d5 3. Bf4 c6 4. e3 Bf5 5. f3 e6 6. g4 {[%emt 0:00:00][%cal Bg2g4,Bg4g5][%mdl 32] D00: 1 d4 d5: Unusual lines.} Bg6 7. h4 {[%emt 0:00:00] [#] aiming for h5.} h5 8. g5 {[%emt 0:01:00] White is slightly better.} Ng8 {[%emt 0:00:30] now scores much better than the old 8...Nfd7.} 9. Qd2 Bd6 10. Bxd6 Qxd6 {[%emt 0:00:30] [#]} 11. O-O-O $146 ({Predecessor:} 11. Qh2 Qxh2 12. Rxh2 Nd7 13. O-O-O Ne7 14. e4 a6 15. Bh3 b5 16. Re2 Nb6 17. Ree1 {0-1 Wall,T (2290)-Wadsworth,M (2467) Newcastle EJCOA 4th 2022 (9)}) 11... Ne7 12. Qh2 Qxh2 13. Rxh2 O-O 14. Nh3 Nd7 {[%emt 0:02:00] Weighted Error Value: White=0.08 (flawless) /Black=0.06 (flawless)} *

[Event "TUR-ch U13-18 Open 2023"]
[Site "Antalya"]
[Date "2023.01.27"]
[Round "9"]
[White "Karaca, Yigit"]
[Black "Durucay, Uygar"]
[Result "0-1"]
[ECO "B15"]
[WhiteElo "1933"]
[BlackElo "1926"]
[Annotator "TA"]
[PlyCount "92"]
[EventDate "2023.01.17"]
[EventType "swiss"]
[EventCountry "TUR"]
[SourceTitle "playchess.com"]
[Source "ChessBase"]
[SourceQuality "1"]
[TimeControl "5400+30"]

1. e4 c6 2. d4 d5 3. Nc3 dxe4 4. Nxe4 Nf6 5. Nxf6+ exf6 6. Nf3 Bd6 7. Bd3 {[%emt 0:00:00] 7.Bd3 is better than 7.Be2.} O-O 8. O-O Na6 {[%emt 0:00:30] B15: Caro-Kann: 3 Nc3: 3...g6 and 3...dxe4 4 Nxe4 Nf6 5 Nxf6+ exf6.} 9. c4 Nc7 10. Qc2 g6 $1 {[%emt 0:01:30] The position is equal.} 11. Bh6 Re8 {[%emt 0:00:30] [#]} 12. Rfe1 $146 ({Predecessor:} 12. h3 Ne6 13. Rfe1 Ng7 14. h4 Bf5 15. Bxg7 Bxd3 16. Qxd3 Kxg7 17. h5 Qd7 18. Nd2 {1-0 Richters,M (1912)-Hehn,H (1824) GER Cup Net Final-B U2000 blitz 2020 (4)}) 12... Be6 13. Rad1 a5 14. h3 Qd7 15. Re4 (15. Nd2 $14 {keeps the upper hand.}) 15... b5 ({Black should try} 15... Bxh3 $1 $17 16. gxh3 Rxe4 17. Bxe4 Qxh3) 16. b3 a4 17. Rde1 Reb8 18. Rh4 bxc4 19. Bxc4 (19. bxc4 $11 Bb4 20. Bd2) 19... Nd5 20. Qc1 axb3 21. Bxb3 Ba3 $1 22. Qd1 Bf5 23. g4 {[#]} Be6 24. g5 (24. Bd2 $17) 24... f5 ({Stronger than} 24... Bxh3 25. gxf6 Bg4 26. Ne5 Bxd1 27. Nxd7 $11) (24... Bb4 $19 {is more deadly.} 25. Nd2 Nc3) 25. Ne5 $17 Qc7 26. Qf3 {Wards off Nc3} Bd6 27. Nd3 (27. Rc1 $17) 27... Re8 28. Nc5 Qa5 $36 {[%mdl 2048] Black is really pushing.} 29. Re2 {[#]} Qc3 (29... Re7 $1 $19 30. Kg2 Rae8) 30. Qxc3 ({White should play} 30. Kg2) 30... Nxc3 31. Rc2 Bxb3 (31... Bd5 {seems wilder.} 32. Kf1 Ne4 33. Kg2 Ra3) 32. Rxc3 $4 {[%mdl 8192] White does not recover from this.} (32. axb3 $17 Ne2+ 33. Kg2) 32... Re1+ (32... Rxa2 $2 33. Rxb3 (33. Nxb3 Re1+ 34. Kg2 Ree2 $18) 33... Ra7 34. Rb6 $18) 33. Kg2 Bd5+ {A strong pair of Bishops.} (33... Rxa2 $2 34. Rxb3 Ree2 35. Rf3 $18) 34. Rf3 Bxc5 (34... Rh1 $142 35. Re4 fxe4 36. Re3 Rh2+ 37. Kg1 Rxa2 38. Nd3 f5 39. Ne5 Rhxf2 40. Re1 Bxe5 41. dxe5 Bc4 42. h4 Rg2+ 43. Kh1 Rh2+ 44. Kg1 Rag2#) 35. dxc5 $19 Ra3 {[%mdl 64] Pin} 36. Rhf4 Rxf3 37. Rxf3 {[%mdl 4096] Endgame KRB-KRB} Rc1 {[%cal Of5f4] ( -> ...f4!)} 38. Kg3 Bxf3 39. Kxf3 Rxc5 {KR-KB} 40. Ke3 Ra5 41. Kd4 Rxa2 {Black mates.} 42. f4 Ra4+ 43. Ke5 Re4+ 44. Kd6 Rxf4 45. Kxc6 Rd4 46. Kc5 Rd8 {Weighted Error Value: White=0.58/Black=0.23 (precise)} 0-1

[Event "TUR-ch U13-18 Open 2023"]
[Site "Antalya"]
[Date "2023.01.27"]
[Round "9"]
[White "Anacak, Hasan Gunes"]
[Black "Temizer, Umut"]
[Result "*"]
[ECO "A57"]
[WhiteElo "1898"]
[BlackElo "1989"]
[Annotator "TA"]
[PlyCount "35"]
[EventDate "2023.01.17"]
[EventType "swiss"]
[EventCountry "TUR"]
[SourceTitle "playchess.com"]
[Source "ChessBase"]
[SourceQuality "1"]
[TimeControl "5400+30"]

1. d4 Nf6 2. c4 c5 3. d5 b5 4. cxb5 e6 5. Nc3 exd5 6. Nxd5 Bb7 7. Nxf6+ Qxf6 8. e3 d5 {[%emt 0:03:30] A57: Benko/Volga Gambit.} 9. Nf3 {[%emt 0:02:30] White is slightly better.} Bd6 10. Be2 O-O 11. O-O Nd7 {[%emt 0:00:00] [#] White took control after the opening.   Weighted Error Value: White=0.05 (flawless) /Black=0.15 (very precise)} {Predecessor:} 12. Qc2 $146 Rfe8 13. Re1 Nf8 14. Bd2 Rac8 15. Bd3 Ng6 16. Rad1 d4 17. e4 h6 18. b3 {1-0 Rosenthal,D (2397)-Neumeier,L (2320) Oberliga Nord O 1415 2014 (5.1)} *

[Event "TUR-ch U13-18 Open 2023"]
[Site "Antalya"]
[Date "2023.01.27"]
[Round "9"]
[White "Karademir, Bugra"]
[Black "Yildirim, Kemal"]
[Result "*"]
[ECO "B67"]
[WhiteElo "1889"]
[BlackElo "1804"]
[Annotator "NA RC COMBH"]
[PlyCount "21"]
[EventDate "2023.01.17"]
[EventType "swiss"]
[EventCountry "TUR"]
[SourceTitle "playchess.com"]
[Source "ChessBase"]
[SourceQuality "1"]
[TimeControl "5400+30"]

1. e4 c5 2. Nf3 d6 3. d4 cxd4 4. Nxd4 Nf6 5. Nc3 Nc6 6. Bg5 e6 7. Qd2 a6 8. O-O-O Bd7 $14 9. f3 Nxd4 10. Qxd4 Be7 11. h4 *

[Event "TUR-ch U13-18 Open 2023"]
[Site "Antalya"]
[Date "2023.01.27"]
[Round "9"]
[White "Dirikolu, Deniz"]
[Black "Demirtas, Alper"]
[Result "*"]
[WhiteElo "1868"]
[BlackElo "1990"]
[Annotator "TA"]
[PlyCount "33"]
[EventDate "2023.01.17"]
[EventType "swiss"]
[EventCountry "TUR"]
[SourceTitle "playchess.com"]
[Source "ChessBase"]
[SourceQuality "1"]
[TimeControl "5400+30"]

1. c4 c5 2. Nf3 Nc6 3. Nc3 g6 4. e3 Nf6 5. d4 cxd4 6. exd4 d5 7. cxd5 Nxd5 8. Bc4 Nb6 9. Bb5 {[%emt 0:05:00] [#] d5 would be deadly.} a6 {[%emt 0:02:30] [#] An uneventful encounter.  A35: Symmetrical English: 2 Nc3 Nc6 3 Nf3.} {Predecessor:} 10. Bxc6+ $146 bxc6 11. O-O Bg7 12. Bg5 O-O 13. Re1 Re8 14. Ne5 f6 15. Qb3+ e6 16. Bh4 g5 17. Nxc6 {1-0 Martic,I (2264)-Bartholomew,J (2446) Titled Tuesday intern op 30th Aug Late blitz 2022 (10)} *

[Event "TUR-ch U13-18 Open 2023"]
[Site "Antalya"]
[Date "2023.01.27"]
[Round "9"]
[White "Dargali, Hakan"]
[Black "Hatirli, Ugur Can"]
[Result "0-1"]
[ECO "E02"]
[WhiteElo "1817"]
[BlackElo "1989"]
[Annotator "TA"]
[PlyCount "116"]
[EventDate "2023.01.17"]
[EventType "swiss"]
[EventCountry "TUR"]
[SourceTitle "playchess.com"]
[Source "ChessBase"]
[SourceQuality "1"]
[TimeControl "5400+30"]

1. d4 Nf6 2. c4 e6 3. g3 d5 4. Bg2 dxc4 5. Qa4+ Bd7 6. Qxc4 Bc6 7. Nf3 Bd5 8. Qa4+ Bc6 9. Qc2 Nbd7 10. O-O Be4 11. Qd1 c5 12. Nc3 Bc6 $1 13. Re1 {[%emt 0:08:30] E02: Open Catalan: 5 Qa4+.} cxd4 $1 14. Nxd4 Bxg2 15. Kxg2 {[%emt 0:00:00] The position is equal.} Bc5 16. e4 O-O 17. Nb3 Bb4 {[%emt 0:03:30] [#]} 18. Bf4 $146 ({Predecessor:} 18. Qd4 Qb6 19. Bd2 {½-½ Serafimov,T (2377)-Riff,J (2397) Mulhouse GM 2004 (2)}) 18... Rc8 19. Rc1 Nb6 ({Black should play} 19... Bxc3 $15 20. Rxc3 Rxc3 21. bxc3 e5) 20. Qe2 Bxc3 21. Red1 Nbd7 22. bxc3 {[%emt 0:00:30] Threatens to win with c4.} Re8 23. f3 Qb6 24. Rd6 Rc6 25. Rcd1 e5 26. Be3 (26. Rxd7 $2 Nxd7 27. Rxd7 exf4 $19) 26... Qc7 27. Rxc6 Qxc6 28. c4 (28. Bxa7 $2 b6 29. c4 Ra8 30. Bxb6 Qxb6 $19) 28... b6 29. Qd3 h6 30. g4 Rc8 31. h4 {[%emt 0:00:23] g5 would be deadly.} Nf8 (31... Qxc4 32. Qxc4 Rxc4 33. g5 $16) 32. c5 bxc5 33. Nxc5 Qb6 (33... Ng6 {looks sharper.} 34. Kg3 Nf4 35. Qa6 Qxa6 36. Nxa6 g5) 34. Nb3 Qe6 35. Kg3 ({Much worse is} 35. Bxa7 Ng6 36. Kg1 h5 $19) 35... a6 36. Qd6 Qxd6 (36... Rc2 {with more complications.} 37. h5 N6h7 38. Rd2 Qxd6 39. Rxd6 Rxa2 40. Nc5 a5) 37. Rxd6 Rc3 {[%emt 0:00:00] Dodges Nc5} 38. Kf2 a5 39. Nxa5 ({Better is} 39. Ke2 $16) 39... Ra3 $1 $14 40. Nc4 Rxa2+ 41. Kg3 {[%emt 0:00:00] Hoping for Rd8.} N6d7 42. Rd5 f6 43. Nd6 Ne6 44. Nf5 Ndf8 45. Rb5 Ng6 46. Rd5 Ngf4 47. Rd2 {[%emt 0:00:24] Prevents Rg2+} Ra1 48. Kh2 h5 49. gxh5 Nxh5 50. Ng3 Nhf4 51. Bxf4 Nxf4 $11 {[%emt 0:00:42][%mdl 4096] Endgame KRN-KRN} 52. Ne2 Ne6 53. Kg3 Ra3 54. Kg4 Re3 55. Kf5 $2 {[%emt 0:00:30][%mdl 8192] [#]} (55. Ng3 $11) 55... Rxe2 $1 $19 {[%emt 0:00:30][%mdl 576] Remove Defender, Decoy} 56. Rd6 (56. Rd1 Nd4+) 56... Nd4+ 57. Kg6 Rg2+ ({Don't do} 57... Nxf3 58. Rd8#) 58. Kh5 Ne2 {[%emt 0:00:30] Weighted Error Value: White=0.39/Black=0.08 (flawless)} ({Weaker is} 58... Nxf3 59. Rd8+ Kh7 60. Rh8+ Kxh8 $11) 0-1

[Event "TUR-ch U13-18 Open 2023"]
[Site "Antalya"]
[Date "2023.01.27"]
[Round "9"]
[White "Ermemis, Kadir Efe"]
[Black "Pasa, Ahmet"]
[Result "0-1"]
[ECO "B36"]
[WhiteElo "1808"]
[BlackElo "1581"]
[Annotator "NA RC COMBH"]
[PlyCount "140"]
[EventDate "2023.01.17"]
[EventType "swiss"]
[EventCountry "TUR"]
[SourceTitle "playchess.com"]
[Source "ChessBase"]
[SourceQuality "1"]
[TimeControl "5400+30"]

1. e4 c5 2. Nf3 Nc6 3. d4 cxd4 4. Nxd4 g6 5. c4 Nf6 6. Nc3 d6 7. Be2 Nxd4 8. Qxd4 Bg7 9. Be3 O-O 10. Qd2 a5 $14 11. O-O a4 12. Rac1 Qa5 13. f3 Be6 14. Rfd1 Rfc8 15. Nb5 Qxd2 16. Rxd2 Nd7 17. Nd4 Nc5 18. Rb1 Bd7 19. Kf2 Rab8 20. b4 axb3 21. axb3 Ra8 22. b4 Ne6 23. c5 Nxd4 24. Bxd4 Bxd4+ 25. Rxd4 Ra2 26. Kf1 Be6 27. Bc4 Bxc4+ 28. Rxc4 dxc5 29. Rxc5 Rd8 30. Rg5 Rdd2 31. h4 h6 32. Rg4 Kg7 33. Kg1 h5 34. Rg5 f6 35. Rg3 Rab2 36. Rc1 Rxb4 37. Rc5 Rb1+ 38. Kh2 Rdd1 39. Rh3 b5 40. f4 Rh1+ 41. Kg3 Rb3+ 42. Kf2 Rhxh3 43. gxh3 b4 44. Rb5 Rxh3 45. Rxb4 Rxh4 46. Kg3 Rg4+ 47. Kf3 Rg1 48. Kf2 Ra1 49. Rb3 g5 50. fxg5 fxg5 51. Rb5 Ra2+ 52. Kf3 Ra3+ 53. Kf2 Kf6 54. Rf5+ Kg6 55. Re5 Ra2+ 56. Kg1 Ra7 57. Kg2 h4 58. Rf5 Kh5 59. Rf2 Ra4 60. Re2 Ra3 61. e5 e6 62. Kh2 g4 63. Kg2 h3+ 64. Kh2 Kh4 65. Re4 Ra2+ 66. Kh1 Kg3 67. Re1 Rf2 68. Kg1 Rf3 69. Re2 h2+ 70. Rxh2 Rf1+ 0-1

[Event "TUR-ch U13-18 Open 2023"]
[Site "Antalya"]
[Date "2023.01.27"]
[Round "9"]
[White "Yildiz, Tunahan"]
[Black "Ozen, Metehan"]
[Result "*"]
[ECO "B99"]
[WhiteElo "1792"]
[BlackElo "2137"]
[Annotator "TA"]
[PlyCount "53"]
[EventDate "2023.01.17"]
[EventType "swiss"]
[EventCountry "TUR"]
[SourceTitle "playchess.com"]
[Source "ChessBase"]
[SourceQuality "1"]
[TimeControl "5400+30"]

1. e4 {[%emt 0:01:00] Marin,Mihail} c5 2. Nf3 d6 3. d4 cxd4 4. Nxd4 Nf6 5. Nc3 a6 6. Bg5 e6 7. f4 Be7 8. Qf3 Qc7 9. O-O-O Nbd7 10. g4 b5 11. Bxf6 Nxf6 12. g5 Nd7 13. f5 Bxg5+ {[%emt 0:02:00] 13...0-0 is the modern continuation.} 14. Kb1 O-O {[%emt 0:00:00] White is slightly better.} 15. fxe6 {[%emt 0:00:00] B99: Sicilian Najdorf: 6 Bg5 e6 7 f4 Be7 8 Qf3 Qc7 9 0-0-0 Nbd7.} Nb6 (15... fxe6 $2 16. Qg3 Nf6 17. Qxg5 $16) 16. Nd5 Nxd5 17. exd5 {[%emt 0:00:00] [#] Black must now prevent Bd3.} fxe6 18. Qg4 e5 19. Qxg5 {[%emt 0:00:00] Strongly threatening Ne6.} exd4 20. Bd3 {[%emt 0:00:00] Wards off Bf5. Threatens to win with Rhf1.} g6 {[%emt 0:06:30] [#]   Weighted Error Value: White=0.00 (flawless) /Black=0.02 (flawless)} {Predecessor:} 21. Rhf1 $146 Qg7 22. Rxf8+ Qxf8 23. Bxg6 hxg6 24. Qxg6+ Qg7 25. Qe8+ Kh7 26. Rf1 Kh6 27. Qe1 {½-½ Motylev,A (2705)-Sjugirov,S (2602) EU-ch 11th Rijeka 2010 (11)} *

[Event "TUR-ch U13-18 Open 2023"]
[Site "Antalya"]
[Date "2023.01.27"]
[Round "9"]
[White "Uysal, Ugur"]
[Black "Coban, Azad"]
[Result "*"]
[ECO "A48"]
[WhiteElo "1760"]
[BlackElo "1417"]
[Annotator "NA RC COMBH"]
[PlyCount "24"]
[EventDate "2023.01.17"]
[EventType "swiss"]
[EventCountry "TUR"]
[SourceTitle "playchess.com"]
[Source "ChessBase"]
[SourceQuality "1"]
[TimeControl "5400+30"]

1. d4 Nf6 2. Bf4 g6 3. e3 Bg7 4. h3 O-O 5. Nf3 d6 6. Be2 Nfd7 7. O-O e5 8. Bh2 f5 9. c3 Nc6 10. Nbd2 e4 11. Ne1 Qe8 12. b4 a5 *

[Event "TUR-ch U13-18 Open 2023"]
[Site "Antalya"]
[Date "2023.01.27"]
[Round "9"]
[White "Avsar, Gediz"]
[Black "Simsek, Suat Can"]
[Result "1-0"]
[ECO "B31"]
[WhiteElo "1748"]
[BlackElo "1761"]
[Annotator "NA RC COMBH"]
[PlyCount "73"]
[EventDate "2023.01.17"]
[EventType "swiss"]
[EventCountry "TUR"]
[SourceTitle "playchess.com"]
[Source "ChessBase"]
[SourceQuality "1"]
[TimeControl "5400+30"]

1. e4 c5 2. Nf3 Nc6 3. Bb5 g6 4. Bxc6 dxc6 5. d3 Bg7 6. h3 Nf6 7. O-O O-O 8. a4 a5 9. Na3 Nd7 10. Nc4 e5 11. Be3 b6 12. Qd2 f6 13. Nh2 Qc7 14. f4 Ba6 15. f5 g5 16. Qe2 Qd8 17. h4 h6 18. hxg5 fxg5 19. b3 Qe7 20. Ng4 Bxc4 21. bxc4 Rab8 22. Rab1 Rb7 23. Qf3 Nf6 24. Nxf6+ Bxf6 25. Rb2 Qd6 26. Qh5 Be7 27. g3 Kg7 28. Kg2 Rf6 29. Rh1 Rf8 30. Bxc5 Qf6 31. Bxe7 Rxe7 32. Rxb6 Rc7 33. Rhb1 Qd6 34. Rb7 Rf6 35. Rxc7+ Qxc7 36. Qe8 Qd6 37. Rb7+ 1-0

[Event "TUR-ch U13-18 Open 2023"]
[Site "Antalya"]
[Date "2023.01.27"]
[Round "9"]
[White "Kolat, Ata"]
[Black "Zerey, Demhat"]
[Result "0-1"]
[ECO "E69"]
[WhiteElo "1732"]
[BlackElo "1756"]
[Annotator "NA RC COMBH"]
[PlyCount "140"]
[EventDate "2023.01.17"]
[EventType "swiss"]
[EventCountry "TUR"]
[SourceTitle "playchess.com"]
[Source "ChessBase"]
[SourceQuality "1"]
[TimeControl "5400+30"]

1. c4 Nf6 2. Nf3 d6 3. d4 g6 4. g3 Bg7 5. Bg2 O-O 6. O-O Nbd7 7. Nc3 e5 8. h3 a6 9. Re1 Re8 10. e4 c6 11. Be3 exd4 12. Nxd4 Nc5 13. Qc2 a5 14. b3 Qe7 15. f3 Bd7 16. Rad1 Rad8 17. Bf2 Nh5 18. Nce2 Ne6 19. Nxe6 Bxe6 20. Bb6 Rc8 21. Qd2 d5 22. exd5 cxd5 23. cxd5 Qd6 24. Bxa5 Bf5 25. Qb4 Qa6 26. Bf1 Bd3 27. d6 Bf8 28. Bb6 Bxe2 29. Rxe2 Rxe2 30. d7 Rd8 31. Bc5 Bxc5+ 32. Qxc5 Nxg3 33. Rd6 Qxa2 34. Qb6 Kg7 35. Qxd8 Qa1 36. Qf6+ Qxf6 37. Rxf6 Rd2 38. Rb6 Nxf1 39. Kxf1 Rxd7 40. Kf2 Re7 41. f4 Kh6 42. f5 Kg5 43. fxg6 hxg6 44. Kg3 Re3+ 45. Kg2 Re7 46. Kg3 Kf5 47. Kf3 Ke5 48. Ke3 Kd5+ 49. Kd3 Kc5 50. Rf6 b5 51. h4 Kb4 52. Rb6 Re5 53. Kc2 Rf5 54. Rb7 Rf4 55. Rb6 Rxh4 56. Rf6 Rh7 57. Rf4+ Kc5 58. Rf6 Rg7 59. Kc3 Rh7 60. b4+ Kd5 61. Rb6 Rh3+ 62. Kb2 Kc4 63. Rf6 Kxb4 64. Rf4+ Kc5 65. Rxf7 Rg3 66. Rc7+ Kb4 67. Rf7 Rg2+ 68. Kb1 g5 69. Rf3 g4 70. Re3 Kc4 0-1

[Event "TUR-ch U13-18 Open 2023"]
[Site "Antalya"]
[Date "2023.01.27"]
[Round "9"]
[White "Acar, Kaan"]
[Black "Anacak, Hasan Gunes"]
[Result "0-1"]
[ECO "B67"]
[WhiteElo "1684"]
[BlackElo "1898"]
[Annotator "NA RC COMBH"]
[PlyCount "70"]
[EventDate "2023.01.17"]
[EventType "swiss"]
[EventCountry "TUR"]
[SourceTitle "playchess.com"]
[Source "ChessBase"]
[SourceQuality "1"]
[TimeControl "5400+30"]

1. e4 c5 2. Nf3 d6 3. d4 cxd4 4. Nxd4 Nf6 5. Nc3 Nc6 6. Bg5 e6 7. Qd2 a6 8. O-O-O Bd7 $14 9. f3 Nxd4 10. Qxd4 Be7 11. h4 h6 12. Be3 h5 13. Bg5 Qc7 14. Kb1 b5 15. Bd3 b4 16. Ne2 a5 17. Qc4 Qb6 18. Qd4 Qc7 19. Qc4 Qb7 20. Ng3 a4 21. Rhe1 Ra5 22. e5 Rc5 23. Qd4 Rd5 24. Qf4 dxe5 25. Rxe5 Bd6 26. Bxf6 gxf6 27. Ne4 Bxe5 28. Nxf6+ Bxf6 29. Qxf6 Rg8 30. Re1 Qc7 31. Bh7 Qg3 32. Rc1 Qg7 33. Qf4 Qxh7 34. Qb8+ Ke7 35. Qxb4+ Kf6 0-1

[Event "TUR-ch U13-18 Open 2023"]
[Site "Antalya"]
[Date "2023.01.27"]
[Round "9"]
[White "Binboga, Yaman"]
[Black "Tezcan, Alper"]
[Result "*"]
[ECO "B80"]
[WhiteElo "1641"]
[BlackElo "1568"]
[Annotator "NA COMBH"]
[PlyCount "27"]
[EventDate "2023.01.17"]
[EventType "swiss"]
[EventCountry "TUR"]
[SourceTitle "playchess.com"]
[Source "ChessBase"]
[SourceQuality "1"]
[TimeControl "5400+30"]

1. e4 c5 2. Nf3 e6 3. d4 cxd4 4. Nxd4 a6 5. Nc3 Qc7 6. g3 Nf6 7. Bg2 d6 8. O-O Be7 9. Re1 O-O 10. Be3 Nc6 11. f4 Bd7 12. h3 Rad8 13. Qf3 Nxd4 14. Bxd4 *

[Event "TUR-ch U13-18 Open 2023"]
[Site "Antalya"]
[Date "2023.01.27"]
[Round "9"]
[White "Tas, Yasar Asil"]
[Black "Taspinar, Yanki"]
[Result "*"]
[WhiteElo "1622"]
[BlackElo "2275"]
[Annotator "TA"]
[PlyCount "18"]
[EventDate "2023.01.17"]
[EventType "swiss"]
[EventCountry "TUR"]
[SourceTitle "playchess.com"]
[Source "ChessBase"]
[SourceQuality "1"]
[TimeControl "5400+30"]

1. Nf3 d5 2. g3 g6 3. Bg2 Bg7 4. O-O e5 5. d3 Nc6 6. c3 {[%emt 0:07:00] A07: Réti Opening: New York and Capablanca Systems.} Nf6 7. Bg5 h6 8. Bxf6 Bxf6 {[%emt 0:05:30] [#]} 9. Qc2 $146 ({Predecessor:} 9. e4 Be6 10. Qe2 O-O 11. Nbd2 a5 12. Rfe1 Re8 13. Qe3 Bg7 14. Nb3 d4 15. cxd4 exd4 {0-1 Milijanovic,G (2047)-Stanic,A (2114) Belgrade-chTB Quality 2018 (4.5)}) 9... O-O {[%emt 0:00:00] Not much happened in this game.   Weighted Error Value: White=0.06 (flawless) /Black=0.08 (flawless)} *